 Dungeon Crawl Stone Soup version 0.28.0-45-g0d030f2227 (webtiles) character file.

Game seed: 5111704691113733330

5 101zpm the Magician (level 1, -4/15 HPs)
             Began as a Djinni Hedge Wizard on Apr 20, 2022.
             Slain by a bullfrog skeleton (6 damage)
             ... on level 4 of the Dungeon.
             The game lasted 00:01:24 (662 turns).

101zpm the Magician (Djinni Hedge Wizard)            Turns: 662, Time: 00:01:24

Health: -4/15      AC:  2    Str:  9    XL:     1   Next: 88%
Gold:   33         EV: 12    Int: 15    God:
                   SH:  0    Dex: 12

rFire   + + .      SeeInvis .   a - +0 dagger
rCold   x . .      Faith    .   (no shield)
rNeg    . . .      Spirit   .   b - +0 robe
rPois   ∞          Reflect  .   c - +0 hat
rElec   .          Harm     .   (no cloak)
rCorr   .          Rampage  .   (no gloves)
Will    .....                   (boots unavailable)
Stlth   ++........              (no amulet)
HPRegen 0.05/turn               (no ring)
MPRegen 0.00/turn               (no ring)

@: flying
A: sickness immunity, fire resistance 2, cold vulnerability 1, float, innate
caster, HP casting, extra vitality 1
a: no special abilities


You were on level 4 of the Dungeon.
You visited 1 branch of the dungeon, and saw 4 of its levels.

You collected 33 gold pieces.

Inventory:

Hand Weapons
 a - a +0 dagger (weapon)
Armour
 b - a +0 robe (worn)
 c - a +0 hat (worn)


   Skills:
 + Level 2.2 Dodging
 + Level 1.6 Stealth
 + Level 2.6 Spellcasting


You couldn't memorise any spells.
You knew the following spells:

 Your Spells              Type           Power      Damage    Failure   Level
a - Magic Dart            Conj           36%        1d4       7%          1
b - Blink                 Tloc           18%        N/A       11%         2
c - Call Imp              Summ           9%         N/A       11%         2
d - Slow                  Hex            36%        N/A       7%          1
e - Conjure Flame         Conj/Fire      9%         6-21      22%         3
f - Mephitic Cloud        Conj/Pois/Air  9%         N/A       22%         3
Your spell library was empty.

Dungeon Overview and Level Annotations

Branches:
Dungeon (4/15)
 Temple: D:4-7

Altars:
Uskayaw

Annotations:
D:3 Natasha


Innate Abilities, Weirdness & Mutations

You are immune to sickness and miasma.
You are immune to poison.
Your flesh is very heat resistant. (rF++)
You are vulnerable to cold. (rC-)
You float through the air rather than walking.
You learn spells naturally, not from books.
Your magical power is your life essence.
You have superior vitality. (+4 MHP)


Message History

Press: ? - help, Q - select action, (/) - cycle Shift-Dir - straight line, f/p - bullfrog skeleton
Aim: a bullfrog skeleton (lightly damaged, 100% to hit)
The magic dart hits the bullfrog skeleton.
The bullfrog skeleton is moderately damaged.
The bullfrog skeleton hits you.
Aiming: Magic Dart (safe; 7% risk of failure)
Press: ? - help, Q - select action, (/) - cycle Shift-Dir - straight line, f/p - bullfrog skeleton
Aim: a bullfrog skeleton (moderately damaged, 100% to hit)
The magic dart hits the bullfrog skeleton.
The bullfrog skeleton is heavily damaged.
The bullfrog skeleton hits you but does no damage.
Aiming: Magic Dart (safe; 7% risk of failure)
Press: ? - help, Q - select action, (/) - cycle Shift-Dir - straight line, f/p - bullfrog skeleton
Aim: a bullfrog skeleton (heavily damaged, 100% to hit)
The magic dart hits the bullfrog skeleton.
The bullfrog skeleton is heavily damaged.
The bullfrog skeleton barely misses you.
Aiming: Magic Dart (safe; 7% risk of failure)
Press: ? - help, Q - select action, (/) - cycle Shift-Dir - straight line, f/p - bullfrog skeleton
Aim: a bullfrog skeleton (heavily damaged, 100% to hit)
The magic dart hits the bullfrog skeleton.
The bullfrog skeleton is heavily damaged.
The bullfrog skeleton completely misses you.
The bullfrog skeleton misses you.
Aiming: Magic Dart (safe; 7% risk of failure)
Press: ? - help, Q - select action, (/) - cycle Shift-Dir - straight line, f/p - bullfrog skeleton
Aim: a bullfrog skeleton (heavily damaged, 100% to hit)
The magic dart hits the bullfrog skeleton.
The bullfrog skeleton is severely damaged.
The bullfrog skeleton hits you.
* * * LOW HITPOINT WARNING * * *
Aiming: Magic Dart (safe; 7% risk of failure)
Press: ? - help, Q - select action, (/) - cycle Shift-Dir - straight line, f/p - bullfrog skeleton
Aim: a bullfrog skeleton (severely damaged, 100% to hit)
The magic dart hits the bullfrog skeleton.
The bullfrog skeleton is severely damaged.
* * * LOW HITPOINT WARNING * * *
The bullfrog skeleton hits you but does no damage.
The bullfrog skeleton hits you.
You die...

..## ##.## # #..#
##..# #. ..##
#..## ####.##..#
##.## #........##
##.## #.8.8.8...#
##..# #.........##
##..##
#..........##
#..##
.....!.#Z@..#
##.##
.....)_#.#..###..#
.......#.#......##
.........#.....##
............#..#
..8.8.8.....##.#
#.......#....#.#
#######.....#
##....#


You could see a bullfrog skeleton.

Vanquished Creatures
  A ball python (D:1)
  An endoplasm (D:3)
  A hobgoblin (D:1)
  A quokka (D:3)
4 creatures vanquished.

Notes
Turn   | Place    | Note
-------+----------+-------------------------------------------
     0 | D:1      | 101zpm the Djinni Hedge Wizard began the quest for the Orb.
     0 | D:1      | Reached XP level 1. HP: 15/15 MP: 0/0
   563 | D:3      | Noticed Natasha
   653 | D:4      | Found a hide-covered altar of Uskayaw.
   662 | D:4      | Slain by a bullfrog skeleton

Illustrated notes

Levels and vault maps discovered:
D:1:      dpeg_arrival_rooms_c, layout_loops_corners,
          shapermc_ecumenical_altar_flowoftime, grunt_decor_fettered
D:2:      layout_rooms, serial_forest, infiniplex_forest_end_2,
          infiniplex_forest_corner_2, infiniplex_forest_lined_3,
          infiniplex_forest_clump_large, infiniplex_forest_split,
          infiniplex_forest_side_room, infiniplex_forest_side_room,
          infiniplex_forest_straight_1
D:3:      minmay_angry_zag, layout_basic, mainiacjoe_overflow_alcove_1,
          uniq_natasha
D:4:      layout_cave_pods, eat_drink_and_be_merry_uskayaw, uniq_pikel

Action                   || total
-------------------------++-------
 Cast: Magic Dart        ||    23
Armor: Robe              ||     2
Dodge: Dodged            ||     9
